 Dungeon Crawl Stone Soup version 0.23.2-1-ga50397a (webtiles) character file.

Game seed: 2495896045594638281

130 troglodite the Ducker (level 4, -3/23 HPs)
             Began as a Spriggan Gladiator on May 30, 2019.
             Was an Initiate of Gozag.
             Killed from afar by an orc wizard (5 damage)
             ... with a magic dart
             ... on level 3 of the Dungeon.
             The game lasted 00:06:47 (3166 turns).

troglodite the Ducker (Spriggan Gladiator)          Turns: 3166, Time: 00:06:47

Health: -3/23      AC:  2    Str: 10    XL:     4   Next: 89%
Magic:  6/6        EV: 21    Int:  9    God:    Gozag
Gold:   140        SH:  0    Dex: 18    Spells: 5/5 levels left

rFire    . . .     SeeInvis +   a - +0 rapier
rCold    . . .     Gourm    .   (shield restricted)
rNeg     . . .     Faith    .   b - +0 robe
rPois    .         Spirit   .   c - +0 hat
rElec    .         Reflect  .   q - scarf {repulsion}
rCorr    .         Harm     .   (gloves unavailable)
MR       .....                  (boots unavailable)
Stlth    ++........             (no amulet)
HPRegen  0.07/turn              (no ring)
MPRegen  0.10/turn              (no ring)

@: gold aura, repel missiles, very quick
A: very small, unfitting armour, see invisible, herbivore, speed 3, slow
metabolism 2
a: Potion Petition, Call Merchant, Bribe Branch, Renounce Religion


You were on level 3 of the Dungeon.
You worshipped Gozag.
Gozag was aware of your devotion.
You were not hungry.

You visited 1 branch of the dungeon, and saw 3 of its levels.

You collected 158 gold pieces.
You paid 18 gold pieces to Gozag.

Inventory:

Hand Weapons
 a - a +0 rapier (weapon)
 k - a +0 hunting sling
Missiles
 d - 3 throwing nets (quivered)
 h - 169 stones
Armour
 b - a +0 robe (worn)
 c - a +0 hat (worn)
 q - a scarf of repulsion (worn)
Scrolls
 e - a scroll of teleportation {unknown}
 g - 3 scrolls of remove curse {unknown}
 i - 3 scrolls of identify {unknown}
 l - 3 scrolls of enchant armour {unknown}
 n - a scroll of magic mapping {unknown}
 o - a scroll of noise {unknown}
Potions
 j - 2 potions of curing {unknown}
 m - 2 potions of mutation {unknown}
 p - a potion of flight {unknown}
 r - a potion of resistance {unknown}
 s - a potion of invisibility {unknown}
Comestibles
 f - 5 rations


   Skills:
 + Level 1.8 Fighting
 * Level 4.5 Short Blades
 * Level 1.2(2.0) Slings
 - Level 2.0(2.1) Throwing
 * Level 5.8 Dodging
 * Level 2.1 Stealth
 * Level 1.1 Spellcasting


You had 5 spell levels left.
You didn't know any spells.
Your spell library was empty.

Dungeon Overview and Level Annotations

Branches:
Dungeon (3/15)

Altars:
Gozag
Xom


Innate Abilities, Weirdness & Mutations

You are very small and have problems with some larger weapons.
You are too small for most types of armour.
You have supernaturally acute eyesight. (SInv)
You are a herbivore.
You cover ground extremely quickly.
You need to consume almost no food.


Message History

You barely miss the orc.
The orc is heavily wounded.
The orc hits you with a +0 hand axe.
You hit the orc.
You kill the orc!
You puncture the orc!
You kill the orc!
The orc wizard points at you and mumbles some strange words.
The magic dart hits you.
* * * LOW HITPOINT WARNING * * *
The orc wizard gestures at you while chanting.
The magic dart hits you.
* * * LOW HITPOINT WARNING * * *
The orc wizard mumbles some strange words.
The orc wizard blinks!
The bat barely misses you.
The orc wizard points at you and mumbles some strange words.
The magic dart hits you.
You die...
Your body crumbles into a pile of gold.

........# ...# ...
.......<# #..# ...โ‰ˆ
......((# #..# ....โ‰ˆ
......(.# #..##.....
........####......โ‰ˆ..
........$ยง...........
.......o#####........
###.........b......#.
##......@#.........
#.....$........#..
#......$#.#.......
#$.(...$..#.......
#...$.............
#$................
###................
#.....#......#.#
#.....#...#.## #


You could see an orc wizard and a bat.

Vanquished Creatures
  Jessica (D:2)
  3 adders
  An ooze (D:1)
  A worm (D:2)
  2 dart slugs
  3 leopard geckos
  6 orcs
  A giant cockroach (D:3)
  8 goblins
  9 hobgoblins
  A quokka (D:2)
  8 bats
  2 frilled lizards
  6 kobolds
  4 rats
56 creatures vanquished.

Notes
Turn   | Place    | Note
-------+----------+-------------------------------------------
     0 | D:1      | troglodite the Spriggan Gladiator began the quest for the
                  | Orb.
     0 | D:1      | Reached XP level 1. HP: 10/10 MP: 2/2
   180 | D:1      | Reached skill level 1 in Stealth
   180 | D:1      | Reached XP level 2. HP: 12/14 MP: 3/3
   611 | D:1      | Reached skill level 5 in Dodging
   827 | D:1      | Reached XP level 3. HP: 18/18 MP: 5/5
  1543 | D:2      | Found an opulent altar of Gozag.
  1555 | D:2      | Became a worshipper of Gozag Ym Sagoz the Greedy
  1666 | D:2      | Found a shimmering altar of Xom.
  1741 | D:2      | Noticed Jessica
  1753 | D:2      | Killed Jessica
  1753 | D:2      | Reached skill level 1 in Spellcasting
  1753 | D:2      | Reached XP level 4. HP: 14/23 MP: 6/6
  2275 | D:3      | Reached skill level 1 in Slings
  3166 | D:3      | Killed from afar by an orc wizard

Skill      XL: |  1  2  3  4 |
---------------+-------------+-----
Stealth        | 1 2 |  2.1
Dodging        | 5 |  5.8
Short Blades   | 4 |  4.5
Spellcasting   | 1 |  1.1
Slings         | 1 |  1.2
Fighting       | |  1.8
Throwing       | |  2.0

Action                   |  1- 3 |  4- 6 || total
-------------------------+-------+-------++-------
Melee: Rapier            |   101 |    71 ||   172
 Stab: Sleeping          |     3 |       ||     3
Armor: Robe              |    12 |     3 ||    15
Dodge: Dodged            |    78 |    76 ||   154
       Deflected         |       |     2 ||     2
